AoeStats
← TheGreatKING

Fortress

510526674Analyzed
1v1 RM · 1d ago on Oct 1, 2026· 53m 33s· 2 players
Game mode
Random Map
Map size
Small (3 player)
Population
200
Speed
Normal
Resources
Standard
Victory
Conquest
Starting age
Dark Age
Ending age
Imperial Age
RankedLock teamsTeams togetherTeam positionsShared explorationLock speedFull tech treeHidden civsTurbo modeCheats
Victory
Defeat
🇹🇷 Turks · Türkiye
1156
+15
🇿🇦 Bohemians · South Africa
1138
-15
Pappi
7:30 Feudal Age
8:39 Horse Collar
11:33 Castle Age
9:47 Double-Bit Axe
14:06 Bow Saw
17:30 Wheelbarrow
21:33 Wagenburg Tactics
28:39 Imperial Age
26:30 Fletching
27:32 Bodkin Arrow
31:30 Chemistry
31:01 Scale Barding Armor
31:51 Conscription
31:07 Light Cavalry
33:03 Houfnice
38:25 Ballistics
38:39 Chain Barding Armor
39:01 Loom
44:33 Two-Man Saw
47:02 Forging
47:04 Cavalier
48:18 Hand Cart
47:49 Town Watch
48:56 Husbandry
50:09 Masonry
50:15 Heavy Plow
TheGreatKING
0:27 Loom
8:02 Feudal Age
8:34 Double-Bit Axe
14:53 Castle Age
13:18 Horse Collar
14:49 Gold Mining
23:45 Scale Barding Armor
29:12 Imperial Age
Connection lost

Rejoining the realm…

Still unreachable

The connection could not be restored.

Session expired

The server has moved on; the page needs a fresh start.